Workbook
Name Down_Payment: 'Expansion Funding'!$B$7
Name Loan_Amount: 'Expansion Funding'!$B$8
Name Loan_Calculator: 'Expansion Funding'!$A$2
Name Monthly_Payment: 'Expansion Funding'!$D$6
Name Price: 'Expansion Funding'!$B$6
Name Rate: 'Expansion Funding'!$D$4
Name Support_EX19_CS4_7a_Properties_2: 'Expansion Funding'!$F$26:$J$32
Name Support_EX19_CS4_7a_Properties_3: 'Expansion Funding'!$K$13:$O$19
Name Term_in_Months: 'Expansion Funding'!$D$5
Name Total_Cost: 'Expansion Funding'!$D$8

Sheet Documentation
B1: Shelly Cashman Excel 2019 | Modules 4-7: SAM Capstone Project 1a
B3: Victoria Streaming Service
B4: CONSOLIDATE DATA AND USE FINANCIAL FUNCTIONS, TABLES, AND CHARTS
A6: Author: | B6: Daniel Kabala
A8: Note: Do not edit this sheet. If your name does not appear in cell B6, please download a new copy of the file from the SAM website.

Sheet U.S.
A1: Victoria Streaming Service | G1: Date: | H1: =TODAY() -> 43758
A2: United States | G2: Standard: | H2: 9.95 | I2: Premium: | J2: 12.95
A3: in 000s
A4: 2021 Revenue | H4: 2022 Revenue Projections
A5: Type | B5: Quarter 1 | C5: Quarter 2 | D5: Quarter 3 | E5: Quarter 4 | F5: Total | H5: Quarter 1 | I5: Quarter 2 | J5: Quarter 3 | K5: Quarter 4
A6: Action | B6: 12873.34 | C6: 13869.22 | D6: 15904.17 | E6: 15874.43 | F6: =SUM(B6:E6) -> 58521.16 | H6: Increase revenue to 90,000 in Q4
A7: Animation | B7: 10027.27 | C7: 11095.67 | D7: 11124.24 | E7: 11006.08 | F7: =SUM(B7:E7) -> 43253.26 | H7: =AVERAGE(B12:E12) -> 84309.15 | I7: 86206 | J7: 88103 | K7: 90000
A8: Comedy | B8: 20193.55 | C8: 21282.15 | D8: 21130.43 | E8: 21215.59 | F8: =SUM(B8:E8) -> 83821.72 | H8: Increase revenue by 2% per quarter
A9: Drama | B9: 9489.16 | C9: 10036.08 | D9: 10798.98 | E9: 9803.34 | F9: =SUM(B9:E9) -> 40127.56 | H9: =H7 -> 84309.15 | I9: =1.02*H9 -> 85995.333 | J9: =1.02*I9 -> 87715.24 | K9: =1.02*J9 -> 89469.544
A10: Foreign | B10: 6405.95 | C10: 6788.96 | D10: 5239.33 | E10: 6011.16 | F10: =SUM(B10:E10) -> 24445.4
A11: TV shows | B11: 20397.33 | C11: 21655.78 | D11: 22244.4 | E11: 22769.99 | F11: =SUM(B11:E11) -> 87067.5
A12: Total | B12: =SUM(B6:B11) -> 79386.6 | C12: =SUM(C6:C11) -> 84727.86 | D12: =SUM(D6:D11) -> 86441.55 | E12: =SUM(E6:E11) -> 86680.59 | F12: =SUM(F6:F11) -> 337236.6

Sheet Canada
A1: Victoria Streaming Service | G1: Date: | H1: =TODAY() -> 43758
A2: Canada | G2: Standard: | H2: 10.95 | I2: Premium: | J2: 13.95
A3: in 000s
A4: 2021 Revenue | H4: 2022 Revenue Projections
A5: Type | B5: Quarter 1 | C5: Quarter 2 | D5: Quarter 3 | E5: Quarter 4 | F5: Total | H5: Quarter 1 | I5: Quarter 2 | J5: Quarter 3 | K5: Quarter 4
A6: Action | B6: 9068.88 | C6: 9082.86 | D6: 9120.23 | E6: 10015.33 | F6: =SUM(B6:E6) -> 37287.3 | H6: Increase revenue to 60,000 in Q4
A7: Animation | B7: 6189.92 | C7: 6836.38 | D7: 7084.45 | E7: 6408.09 | F7: =SUM(B7:E7) -> 26518.84 | H7: =AVERAGE(B12:E12) -> 57891.24 | I7: 86206 | J7: 88103
A8: Comedy | B8: 12005.56 | C8: 12488.18 | D8: 12339.34 | E8: 12411.28 | F8: =SUM(B8:E8) -> 49244.36 | H8: Increase revenue by 2% per quarter
A9: Drama | B9: 10907.72 | C9: 11055.82 | D9: 11144.19 | E9: 11469.87 | F9: =SUM(B9:E9) -> 44577.6 | H9: =H7 -> 57891.24 | I9: =1.02*H9 -> 59049.065 | J9: =1.02*I9 -> 60230.046 | K9: =1.02*J9 -> 61434.647
A10: Foreign | B10: 7731.16 | C10: 7792.27 | D10: 8045.58 | E10: 8174.14 | F10: =SUM(B10:E10) -> 31743.15
A11: TV shows | B11: 9707.47 | C11: 10795.92 | D11: 10824.24 | E11: 10866.08 | F11: =SUM(B11:E11) -> 42193.71
A12: Total | B12: =SUM(B6:B11) -> 55610.71 | C12: =SUM(C6:C11) -> 58051.43 | D12: =SUM(D6:D11) -> 58558.03 | E12: =SUM(E6:E11) -> 59344.79 | F12: =SUM(F6:F11) -> 231564.96

Sheet U.K.
A1: Victoria Streaming Service | G1: Date: | H1: =TODAY() -> 43758
A2: United Kingdom | G2: Standard: | H2: 11.95 | I2: Premium: | J2: 14.95
A3: in 000s
A4: 2021 Revenue | H4: 2022 Revenue Projections
A5: Type | B5: Quarter 1 | C5: Quarter 2 | D5: Quarter 3 | E5: Quarter 4 | F5: Total | H5: Quarter 1 | I5: Quarter 2 | J5: Quarter 3 | K5: Quarter 4
A6: Action | B6: 9652.58 | C6: 9705.16 | D6: 9807.75 | E6: 9812.28 | F6: =SUM(B6:E6) -> 38977.77 | H6: Increase revenue to 65,000 in Q4
A7: Animation | B7: 7189.81 | C7: 7227.34 | D7: 8265.26 | E7: 8303.19 | F7: =SUM(B7:E7) -> 30985.6 | H7: =AVERAGE(B12:E12) -> 61520.597 | I7: 86206 | J7: 88103
A8: Comedy | B8: 12805.26 | C8: 12928.22 | D8: 13007.22 | E8: 13175.57 | F8: =SUM(B8:E8) -> 51916.27 | H8: Increase revenue by 2% per quarter
A9: Drama | B9: 10497.92 | C9: 11610.66 | D9: 11652.34 | E9: 10736.37 | F9: =SUM(B9:E9) -> 44497.29 | H9: =H7 -> 61520.597 | I9: =1.02*H9 -> 62751.009 | J9: =1.02*I9 -> 64006.03 | K9: =1.02*J9 -> 65286.15
A10: Foreign | B10: 9712.77 | C10: 9799.1 | D10: 9886.45 | E10: 9073.32 | F10: =SUM(B10:E10) -> 38471.64
A11: TV shows | B11: 10227.51 | C11: 10281.91 | D11: 10335.29 | E11: 10389.11 | F11: =SUM(B11:E11) -> 41233.82
A12: Total | B12: =SUM(B6:B11) -> 60085.85 | C12: =SUM(C6:C11) -> 61552.39 | D12: =SUM(D6:D11) -> 62954.31 | E12: =SUM(E6:E11) -> 61489.84 | F12: =SUM(F6:F11) -> 246082.39

Sheet All Locations
A1: Victoria Streaming Service
A2: All Locations
A3: in 000s
A4: 2021 Revenue
A5: Type | B5: Quarter 1 | C5: Quarter 2 | D5: Quarter 3 | E5: Quarter 4 | F5: Total
A6: Action | B6: =SUM(U.S.:U.K.!B6) -> 31594.8 | C6: =SUM(U.S.:U.K.!C6) -> 32657.24 | D6: =SUM(U.S.:U.K.!D6) -> 34832.15 | E6: =SUM(U.S.:U.K.!E6) -> 35702.04 | F6: =SUM(B6:E6) -> 134786.23
A7: Animation | B7: =SUM(U.S.:U.K.!B7) -> 23407 | C7: =SUM(U.S.:U.K.!C7) -> 25159.39 | D7: =SUM(U.S.:U.K.!D7) -> 26473.95 | E7: =SUM(U.S.:U.K.!E7) -> 25717.36 | F7: =SUM(B7:E7) -> 100757.7
A8: Comedy | B8: =SUM(U.S.:U.K.!B8) -> 45004.37 | C8: =SUM(U.S.:U.K.!C8) -> 46698.55 | D8: =SUM(U.S.:U.K.!D8) -> 46476.99 | E8: =SUM(U.S.:U.K.!E8) -> 46802.44 | F8: =SUM(B8:E8) -> 184982.35
A9: Drama | B9: =SUM(U.S.:U.K.!B9) -> 30894.8 | C9: =SUM(U.S.:U.K.!C9) -> 32702.56 | D9: =SUM(U.S.:U.K.!D9) -> 33595.51 | E9: =SUM(U.S.:U.K.!E9) -> 32009.58 | F9: =SUM(B9:E9) -> 129202.45
A10: Foreign | B10: =SUM(U.S.:U.K.!B10) -> 23849.88 | C10: =SUM(U.S.:U.K.!C10) -> 24380.33 | D10: =SUM(U.S.:U.K.!D10) -> 23171.36 | E10: =SUM(U.S.:U.K.!E10) -> 23258.62 | F10: =SUM(B10:E10) -> 94660.19
A11: TV shows | B11: =SUM(U.S.:U.K.!B11) -> 40332.31 | C11: =SUM(U.S.:U.K.!C11) -> 42733.61 | D11: =SUM(U.S.:U.K.!D11) -> 43403.93 | E11: =SUM(U.S.:U.K.!E11) -> 44025.18 | F11: =SUM(B11:E11) -> 170495.03
A12: Total | B12: =ROUND(SUM(B6:B11),0) -> 195083 | C12: =ROUND(SUM(C6:C11),0) -> 204332 | D12: =ROUND(SUM(D6:D11),0) -> 207954 | E12: =ROUND(SUM(E6:E11),0) -> 207515 | F12: =ROUND(SUM(F6:F11),0) -> 814884
E14: Total revenue last year: | F14: ='[1]All Locations'!$F$12 -> 767912.1

Sheet Original Content
A1: ID | B1: Project Name | C1: Project Type | D1: Start Date | E1: Budget | F1: Approved? | G1: Delay? | H1: Project Information
A2: AC533 | B2: Just Spirits | C2: Action movie | D2: 44714 | E2: 45500 | F2: Yes | G2: =AND(Projects[[#This Row],[Project Type]]="Drama",Projects[[#This Row],[Approved?]]="No") -> FALSE | H2: Project ID | I2: TV245
A3: AC210 | B3: Tension Sunrise | C3: Action movie | D3: 44725 | E3: 12000 | F3: No | G3: =AND(Projects[[#This Row],[Project Type]]="Drama",Projects[[#This Row],[Approved?]]="No") -> FALSE | H3: Project Name | I3: Paradise Moon
A4: TV453 | B4: Against the Wall | C4: TV show | D4: 44754 | E4: 22500 | F4: No | G4: =AND(Projects[[#This Row],[Project Type]]="Drama",Projects[[#This Row],[Approved?]]="No") -> FALSE | H4: Start Date | I4: 43547 | J4: 0
A5: TV697 | B5: Bayridge | C5: TV show | D5: 44770 | E5: 28500 | F5: Yes | G5: =AND(Projects[[#This Row],[Project Type]]="Drama",Projects[[#This Row],[Approved?]]="No") -> FALSE
A6: AC328 | B6: The Castle Behind Me | C6: Action movie | D6: 44805 | E6: 23010 | F6: No | G6: =AND(Projects[[#This Row],[Project Type]]="Drama",Projects[[#This Row],[Approved?]]="No") -> FALSE | H6: Budget | J6: =DCOUNT(Projects[#All],"Budget",I6:I7) -> 22
A7: CO720 | B7: Mack and Mack | C7: Comedy | D7: 44824 | E7: 18555 | F7: No | G7: =AND(Projects[[#This Row],[Project Type]]="Drama",Projects[[#This Row],[Approved?]]="No") -> FALSE | H7: > 15000
A8: CO789 | B8: Space Plum | C8: Comedy | D8: 44837 | E8: 25000 | F8: No | G8: =AND(Projects[[#This Row],[Project Type]]="Drama",Projects[[#This Row],[Approved?]]="No") -> FALSE | H8: Number of Projects | I8: 15 | J8: =DCOUNT(Projects[#All],"Budget",I6:I7) -> 22
A9: CO329 | B9: Karate Night | C9: Comedy | D9: 44843 | E9: 20000 | F9: Yes | G9: =AND(Projects[[#This Row],[Project Type]]="Drama",Projects[[#This Row],[Approved?]]="No") -> FALSE
A10: DR887 | B10: Never in Common | C10: Drama | D10: 44866 | E10: 19700 | F10: No | G10: =AND(Projects[[#This Row],[Project Type]]="Drama",Projects[[#This Row],[Approved?]]="No") -> TRUE
A11: DR543 | B11: All My Friends | C11: Drama | D11: 44883 | E11: 12200 | F11: No | G11: =AND(Projects[[#This Row],[Project Type]]="Drama",Projects[[#This Row],[Approved?]]="No") -> TRUE | H11: Project Type
A12: DR521 | B12: A Great Getaway | C12: Drama | D12: 44936 | E12: 31500 | F12: Yes | G12: =AND(Projects[[#This Row],[Project Type]]="Drama",Projects[[#This Row],[Approved?]]="No") -> FALSE | H12: Comedy
A13: CO325 | B13: Teenage Miracle Mile | C13: Comedy | D13: 44939 | E13: 24000 | F13: No | G13: =AND(Projects[[#This Row],[Project Type]]="Drama",Projects[[#This Row],[Approved?]]="No") -> FALSE | H13: Average Budget | I13: =DAVERAGE(Projects[#All],"Budget",I11:I12) -> 21884.773
A14: DR512 | B14: The Great Grasshopper | C14: Drama | D14: 44979 | E14: 12500 | F14: No | G14: =AND(Projects[[#This Row],[Project Type]]="Drama",Projects[[#This Row],[Approved?]]="No") -> TRUE
A15: DR622 | B15: Downtown Bike Path | C15: Drama | D15: 44985 | E15: 15000 | F15: Yes | G15: =AND(Projects[[#This Row],[Project Type]]="Drama",Projects[[#This Row],[Approved?]]="No") -> FALSE | H15: Project Type | I15: Number | J15: Total Budget | K15: Average Budget
A16: TV482 | B16: Because of Winston | C16: TV show | D16: 44988 | E16: 24500 | F16: No | G16: =AND(Projects[[#This Row],[Project Type]]="Drama",Projects[[#This Row],[Approved?]]="No") -> FALSE | H16: Action movie | I16: =COUNTIF(Projects[Project Type],I16) -> 0 | J16: =I16=COUNTIF(Projects[Project Type],I16) -> 0 | K16: =SUMIF(Projects[Project Type],I16) -> 0
A17: AC736 | B17: Mad Music | C17: Action movie | D17: 44998 | E17: 10000 | F17: No | G17: =AND(Projects[[#This Row],[Project Type]]="Drama",Projects[[#This Row],[Approved?]]="No") -> FALSE | H17: Comedy | I17: =COUNTIF(Projects[Project Type],I17) -> 0 | J17: =COUNTIF(Projects[Project Type],I17) -> 0 | K17: =SUMIF(Projects[Project Type],I17) -> 0
A18: AC447 | B18: A Slight Case of Spring | C18: Action movie | D18: 45004 | E18: 15000 | F18: No | G18: =AND(Projects[[#This Row],[Project Type]]="Drama",Projects[[#This Row],[Approved?]]="No") -> FALSE | H18: Drama | I18: =COUNTIF(Projects[Project Type],I18) -> 0 | J18: =COUNTIF(Projects[Project Type],I18) -> 0 | K18: =SUMIF(Projects[Project Type],I18) -> 0
A19: TV245 | B19: Paradise Moon | C19: TV show | D19: 45005 | E19: 14000 | F19: Yes | G19: =AND(Projects[[#This Row],[Project Type]]="Drama",Projects[[#This Row],[Approved?]]="No") -> FALSE | H19: TV show | I19: =COUNTIF(Projects[Project Type],I19) -> 0 | J19: =COUNTIF(Projects[Project Type],I19) -> 0 | K19: =SUMIF(Projects[Project Type],I19) -> 0
A20: TV598 | B20: Good Gold Bad Blue | C20: TV show | D20: 45008 | E20: 22500 | F20: No | G20: =AND(Projects[[#This Row],[Project Type]]="Drama",Projects[[#This Row],[Approved?]]="No") -> FALSE
A21: CO305 | B21: Shark Myths | C21: Comedy | D21: 45025 | E21: 19500 | F21: Yes | G21: =AND(Projects[[#This Row],[Project Type]]="Drama",Projects[[#This Row],[Approved?]]="No") -> FALSE
A22: CO220 | B22: This Guy Laughed | C22: Comedy | D22: 45028 | E22: 16000 | F22: No | G22: =AND(Projects[[#This Row],[Project Type]]="Drama",Projects[[#This Row],[Approved?]]="No") -> FALSE
A23: TV552 | B23: Celeste and Cecilia | C23: TV show | D23: 45034 | E23: 50000 | F23: Yes | G23: =AND(Projects[[#This Row],[Project Type]]="Drama",Projects[[#This Row],[Approved?]]="No") -> FALSE
A24: Approved Projects
A25: ID | B25: Project Name | C25: Project Type | D25: Approval Date | E25: Budget | F25: Approved?
F26: YES
A28: ID | B28: Project Name | C28: Project Type | D28: Start Date | E28: Budget | F28: Approved?
A29: AC533 | B29: Just Spirits | C29: Action movie | D29: 44714 | E29: 45500 | F29: Yes
A30: TV697 | B30: Bayridge | C30: TV show | D30: 44770 | E30: 28500 | F30: Yes
A31: CO329 | B31: Karate Night | C31: Comedy | D31: 44843 | E31: 20000 | F31: Yes
A32: DR521 | B32: A Great Getaway | C32: Drama | D32: 44936 | E32: 31500 | F32: Yes
A33: DR622 | B33: Downtown Bike Path | C33: Drama | D33: 44985 | E33: 15000 | F33: Yes
A34: TV245 | B34: Paradise Moon | C34: TV show | D34: 45005 | E34: 14000 | F34: Yes
A35: CO305 | B35: Shark Myths | C35: Comedy | D35: 45025 | E35: 19500 | F35: Yes
A36: TV552 | B36: Celeste and Cecilia | C36: TV show | D36: 45034 | E36: 50000 | F36: Yes

Sheet Subtotals
A1: ID | B1: Project Name | C1: Project Type | D1: Start Date | E1: Budget
A2: AC533 | B2: Just Spirits | C2: Action movie | D2: 44714 | E2: 45500
A3: AC210 | B3: Tension Sunrise | C3: Action movie | D3: 44725 | E3: 12000
A4: TV453 | B4: Against the Wall | C4: TV show | D4: 44754 | E4: 22500
A5: TV697 | B5: Bay ridge | C5: TV show | D5: 44770 | E5: 28500
A6: AC328 | B6: The Castle Behind Me | C6: Action movie | D6: 44805 | E6: 23010
A7: CO720 | B7: Mack and Mack | C7: Comedy | D7: 44824 | E7: 18555
A8: CO789 | B8: Space Plum | C8: Comedy | D8: 44837 | E8: 25000
A9: CO329 | B9: Karate Night | C9: Comedy | D9: 44843 | E9: 20000
A10: DR887 | B10: Never in Common | C10: Drama | D10: 44866 | E10: 19700
A11: DR543 | B11: All My Friends | C11: Drama | D11: 44883 | E11: 12200
A12: DR521 | B12: A Great Getaway | C12: Drama | D12: 44936 | E12: 31500
A13: CO325 | B13: Teenage Miracle Mile | C13: Comedy | D13: 44939 | E13: 24000
... A23: TV552 | B23: Celeste and Cecilia | C23: TV show | D23: 45034 | E23: 50000

Sheet Expansion Funding
A1: Business Expansion
A2: Loan Calculator
A3: Loan Payment Calculator | K3: Scenarios | L3: 10 Years | M3: 15 Years | N3: 5 Years
A4: Date | B4: 44481 | C4: Rate | D4: 0.0435 | K4: Loan Amount | L4: =Loan_Amount -> 1720000 | M4: =PV(M6,M8,M10) -> 2105561.1 | N4: =Loan_Amount -> 1720000
A5: Purchase | B5: Distribution center | C5: Term in Months | D5: 180 | K5: Annual Interest Rate | L5: 0.0445 | M5: 0.044 | N5: 0.0455
A6: Price | B6: 2150000 | C6: Monthly Payment | D6: =PMT(Rate/12,Term_in_Months,Loan_Amount)*-1 -> 13026.411 | K6: Monthly Interest Rate | L6: =L5/12 -> 0.0037083333 | M6: =M5/12 -> 0.0036666667 | N6: =N5/12 -> 0.0037916667
A7: Down Payment | B7: 430000 | C7: Total Interest | D7: =(Monthly_Payment*Term_in_Months)-Loan_Amount -> 624753.96 | K7: Loan Period in Years | L7: 10 | M7: 15 | N7: 5
A8: Loan Amount | B8: =Price-Down_Payment -> 1720000 | C8: Total Cost | D8: =B6+D7 -> 2774754 | K8: Loan Period in Months | L8: =L7*12 -> 120 | M8: =M7*12 -> 180 | N8: =N7*12 -> 60
K9: Start Date | L9: 44564 | M9: 44564 | N9: 44564
A10: Varying Interest Rates and Terms | K10: Monthly Payment | L10: =PMT(L6,L8,L4) -> -17784.38 | M10: -16000 | N10: -20000
A11: Rate | B11: Number of Months | K11: Future Value | L11: n/a | M11: n/a | N11: =FV(N6,N8,,10) -> -12.549174
A12: =Monthly_Payment -> 13026.411 | B12: 120 | C12: 180 | D12: 240
A13: 0.0385 | B13: 17291.81 | C13: 12593.73 | D13: 10287.416 | K13: Candidate Properties
A14: 0.0395 | B14: 17373.321 | C14: 12679.579 | D14: 10377.601 | K14: Type | L14: Location | M14: Contact First | N14: Contact Last | O14: On Market
A15: 0.0405 | B15: 17455.065 | C15: 12765.772 | D15: 10468.234 | F15: =PROPER(F27) -> Type | G15: =CONCATENATE(H27," ",I27) -> Contact First Contact Last | H15: =RIGHT(G27) -> n | I15: =LEFT(J27) -> O | K15: warehouse | L15: Knoxville, TN | M15: Terry | N15: McGregor | O15: 8 months
A16: 0.0415 | B16: 17537.044 | C16: 12852.309 | D16: 10559.311 | F16: =PROPER(F28) -> Warehouse | G16: =CONCATENATE(H28," ",I28) -> Terry McGregor | H16: =RIGHT(G28) -> N | I16: =LEFT(J28) -> 8 | K16: distribution center | L16: Scottsdale, AZ | M16: Anita | N16: Arnaz | O16: 14 months
A17: 0.0425 | B17: 17619.256 | C17: 12939.189 | D17: 10650.833 | F17: =PROPER(F29) -> Distribution Center | G17: =CONCATENATE(H29," ",I29) -> Anita Arnaz | H17: =RIGHT(G29) -> Z | I17: =LEFT(J29) -> 1 | K17: warehouse | L17: Abilene, TX | M17: Hector | N17: Murillo | O17: 22 mos
A18: 0.0435 | B18: 17701.701 | C18: 13026.411 | D18: 10742.797 | F18: =PROPER(F30) -> Warehouse | G18: =CONCATENATE(H30," ",I30) -> Hector Murillo | H18: =RIGHT(G30) -> X | I18: =LEFT(J30) -> 2 | K18: manufacturing center | L18: Columbia, SC | M18: Padma | N18: Shalikar | O18: 10 months
A19: 0.0445 | B19: 17784.38 | C19: 13113.975 | D19: 10835.202 | F19: =PROPER(F31) -> Manufacturing Center | G19: =CONCATENATE(H31," ",I31) -> Padma Shalikar | H19: =RIGHT(G31) -> C | I19: =LEFT(J31) -> 1 | K19: distribution center | L19: Normal, IL | M19: Brad | N19: Schultz | O19: 5 months
A20: 0.0455 | B20: 17867.291 | C20: 13201.88 | D20: 10928.046
A21: 0.0465 | B21: 17950.435 | C21: 13290.125 | D21: 11021.328
A22: 0.0475 | B22: 18033.812 | C22: 13378.709 | D22: 11115.046
A23: 0.0485 | B23: 18117.421 | C23: 13467.632 | D23: 11209.199
A24: 0.0495 | B24: 18201.261 | C24: 13556.893 | D24: 11303.784
A25: 0.0505 | B25: 18285.334 | C25: 13646.492 | D25: 11398.801
F26: Candidate Properties
F27: Type | G27: Location | H27: Contact First | I27: Contact Last | J27: On Market
F28: warehouse | G28: Knoxville, TN | H28: Terry | I28: McGregor | J28: 8 months
F29: distribution center | G29: Scottsdale, AZ | H29: Anita | I29: Arnaz | J29: 14 months
F30: warehouse | G30: Abilene, TX | H30: Hector | I30: Murillo | J30: 22 mos
F31: manufacturing center | G31: Columbia, SC | H31: Padma | I31: Shalikar | J31: 10 months
F32: distribution center | G32: Normal, IL | H32: Brad | I32: Schultz | J32: 5 months
A41: https://www.homeworkforyou.com/static_media/uploadedfiles/Support_EX19_CS4-7a_Properties.html
